TOP OF THE 1ST |
Kelowna Heat batting - Pitching for Madison Brewers : LHP Gil Sanchez
|
Pitching: LHP Gil Sanchez
|
|
Batting: RHB Tony Harper
|
0-0: Ball 1-0: Foul Ball, location: 2F 1-1: Fly out, F9 (Flyball, 9, EV 90.6 MPH)
|
Batting: RHB Noe Oliva
|
0-0: Ball 1-0: Ball 2-0: Ball 3-0: Base on Balls
|
Batting: LHB Mike Roberts
|
0-0: Foul Ball, location: 2F 0-1: SINGLE (Flyball, 56D, EV 85.6 MPH) Noe Oliva to second
|
Batting: LHB Oscar Tamayo
|
0-0: Foul Ball, location: 2F 0-1: Fly out, F8 (Flyball, 8RM, EV 96.9 MPH)
|
Batting: RHB Soichi Kaneshiro
|
0-0: Ball 1-0: Ball 2-0: Called Strike 2-1: Foul Ball, location: 2F 2-2: Ball 3-2: Fly out, F8 (Flyball, 8RD, EV 97.5 MPH)
|
Top of the 1st over - 0 runs, 1 hit, 0 errors, 2 left on base; Kelowna 0 - Madison 0 |
BOTTOM OF THE 1ST |
Madison Brewers batting - Pitching for Kelowna Heat : RHP Kip Connolly
|
Pitching: RHP Kip Connolly
|
|
Batting: LHB Andy Buschlen
|
0-0: Called Strike 0-1: TRIPLE (Line Drive, 8RXD, EV 111.9 MPH)
|
Batting: RHB Mario Lopez
|
0-0: Ball 1-0: Called Strike 1-1: Ball 2-1: Foul Ball, location: 2F 2-2: Ball 3-2: SINGLE (Groundball, 56D, EV 96.9 MPH) Andy Buschlen scores
|
Batting: LHB Bill Kovac
|
0-0: Foul Ball, location: 2F 0-1: Ball 1-1: Swinging Strike 1-2: Foul Ball, location: 2F 1-2: Strikes out looking
|
Batting: RHB Frank Pena
|
0-0: Ball Mario Lopez steals 2nd, throwing error, E2 Mario Lopez to third 1-0: Called Strike 1-1: Foul Ball, location: 2F 1-2: Ball 2-2: Strikes out swinging
|
Batting: LHB Tony Hasbun
|
0-0: Ground out U3 (Groundball, 3, EV 87.5 MPH)
|
Bottom of the 1st over - 1 run, 2 hits, 1 error, 1 left on base; Kelowna 0 - Madison 1 |
TOP OF THE 2ND |
Kelowna Heat batting - Pitching for Madison Brewers : LHP Gil Sanchez
|
Batting: RHB Azeem bin Zuhair
|
0-0: Ball 1-0: Swinging Strike 1-1: Fly out, F9 (Flyball, 89S, EV 89.4 MPH)
|
Batting: RHB Glen Limeburner
|
0-0: Ball 1-0: Called Strike 1-1: Ball 2-1: Swinging Strike 2-2: Ball 3-2: Base on Balls
|
Batting: SHB Cedric Sweep
|
0-0: Ball 1-0: Ball 2-0: Ball 3-0: Called Strike 3-1: Called Strike 3-2: Fly out, F8 (Line Drive, 8RD, EV 96.9 MPH)
|
Batting: RHB Rúbem Trancoso
|
0-0: Foul Ball, location: 2F 0-1: Called Strike 0-2: Ground out 4-3 (Groundball, 4, EV 92.5 MPH)
|
Top of the 2nd over - 0 runs, 0 hits, 0 errors, 1 left on base; Kelowna 0 - Madison 1 |
BOTTOM OF THE 2ND |
Madison Brewers batting - Pitching for Kelowna Heat : RHP Kip Connolly
|
Batting: RHB Xiao-shuang Au
|
0-0: Foul Ball, location: 2F 0-1: Ball 1-1: Foul Ball, location: 2F 1-2: Strikes out swinging
|
Batting: RHB Fernando Mejia
|
0-0: Ball 1-0: Ball 2-0: Called Strike 2-1: Called Strike 2-2: Foul Ball, location: 2F 2-2: Ball 3-2: Foul Ball, location: 2F 3-2: Base on Balls
|
Batting: RHB Gil Sanchez
|
0-0: Called Strike 0-1: Ground out 5-3 (Groundball, 5, EV 84.4 MPH) Fernando Mejia to second
|
Batting: RHB Malcolm McCauley
|
0-0: Called Strike 0-1: Ball 1-1: Ball 2-1: Ball 3-1: Foul Ball, location: 2F 3-2: Base on Balls
|
Batting: LHB Andy Buschlen
|
0-0: Called Strike 0-1: Ball 1-1: Ball 2-1: Foul Ball, location: 2F 2-2: Ball 3-2: Base on Balls Fernando Mejia to third Malcolm McCauley to second
|
Batting: RHB Mario Lopez
|
0-0: Called Strike 0-1: Ball 1-1: Ball 2-1: Fly out, F9 (Flyball, 9D, EV 97.5 MPH)
|
Bottom of the 2nd over - 0 runs, 0 hits, 0 errors, 3 left on base; Kelowna 0 - Madison 1 |
TOP OF THE 3RD |
Kelowna Heat batting - Pitching for Madison Brewers : LHP Gil Sanchez
|
Batting: RHB Tony Harper
|
0-0: Called Strike 0-1: Ground out 4-3 (Groundball, 34, EV 83.8 MPH)
|
Batting: RHB Noe Oliva
|
0-0: Swinging Strike 0-1: Called Strike 0-2: Strikes out swinging
|
Batting: LHB Mike Roberts
|
0-0: Called Strike 0-1: Ball 1-1: Ball 2-1: Ground out 5-3 (Groundball, 56, EV 107.5 MPH)
|
Top of the 3rd over - 0 runs, 0 hits, 0 errors, 0 left on base; Kelowna 0 - Madison 1 |
BOTTOM OF THE 3RD |
Madison Brewers batting - Pitching for Kelowna Heat : RHP Kip Connolly
|
Batting: LHB Bill Kovac
|
0-0: Ball 1-0: Called Strike 1-1: DOUBLE (Line Drive, 7LM, EV 104.4 MPH)
|
Batting: RHB Frank Pena
|
0-0: Ball 1-0: Called Strike 1-1: Swinging Strike 1-2: Ball 2-2: Ball 3-2: Base on Balls
|
Batting: LHB Tony Hasbun
|
0-0: Foul Ball, location: 2F 0-1: Ball 1-1: Ball Passed Ball! Bill Kovac to third Frank Pena to second 2-1: Foul Ball, location: 2F 2-2: Strikes out swinging
|
Batting: RHB Xiao-shuang Au
|
0-0: Ball 1-0: Swinging Strike 1-1: Ball 2-1: Fly out, F8 (Flyball, 78D, EV 103.8 MPH) Runner from 3rd tags up, SCORES, throw by CF Frank Pena to third
|
Batting: RHB Fernando Mejia
|
0-0: Called Strike 0-1: Ground out 5-3 (Groundball, 5S, EV 68.8 MPH)
|
Bottom of the 3rd over - 1 run, 1 hit, 0 errors, 1 left on base; Kelowna 0 - Madison 2 |
TOP OF THE 4TH |
Kelowna Heat batting - Pitching for Madison Brewers : LHP Gil Sanchez
|
Batting: LHB Oscar Tamayo
|
0-0: Ball 1-0: Foul Ball, location: 2F 1-1: Called Strike 1-2: SINGLE (Groundball, 34S, EV 96.9 MPH)
|
Batting: RHB Soichi Kaneshiro
|
0-0: Called Strike 0-1: Ball 1-1: Ball 2-1: Swinging Strike 2-2: Strikes out swinging
|
Batting: RHB Azeem bin Zuhair
|
0-0: Called Strike 0-1: Foul Ball, location: 2F 0-2: Ball 1-2: SINGLE (Line Drive, 4D, EV 98.1 MPH) Oscar Tamayo to second
|
Batting: RHB Glen Limeburner
|
0-0: Called Strike 0-1: Foul Ball, location: 2F 0-2: SINGLE (Line Drive, 78S, EV 96.9 MPH) Oscar Tamayo to third Azeem bin Zuhair to second Runner from 3rd tries for Home, SAFE, throw by LF to home
|
Batting: SHB Cedric Sweep
|
0-0: Ball 1-0: Swinging Strike 1-1: Reached on error, E5 (Groundball, 56S, EV 90.0 MPH) Azeem bin Zuhair to third Glen Limeburner to second
|
Batting: RHB Rúbem Trancoso
|
0-0: Called Strike 0-1: Ball 1-1: Ball 2-1: Foul Ball, location: 2F 2-2: Strikes out swinging
|
Batting: RHB Tony Harper
|
0-0: Ball 1-0: Fielders Choice at 2nd, 6-4 (Groundball, 6, EV 85.0 MPH)
|
Top of the 4th over - 1 run, 3 hits, 1 error, 3 left on base; Kelowna 1 - Madison 2 |
BOTTOM OF THE 4TH |
Madison Brewers batting - Pitching for Kelowna Heat : RHP Kip Connolly
|
Batting: RHB Gil Sanchez
|
0-0: Ball 1-0: Ball 2-0: Foul Ball, location: 2F 2-1: Foul Ball, location: 2F 2-2: Strikes out looking
|
Batting: RHB Malcolm McCauley
|
0-0: Ball 1-0: Fly out, F8 (Flyball, 78D, EV 84.4 MPH)
|
Batting: LHB Andy Buschlen
|
0-0: Called Strike 0-1: Called Strike 0-2: Ball 1-2: Strikes out swinging
|
Bottom of the 4th over - 0 runs, 0 hits, 0 errors, 0 left on base; Kelowna 1 - Madison 2 |
TOP OF THE 5TH |
Kelowna Heat batting - Pitching for Madison Brewers : LHP Gil Sanchez
|
Batting: RHB Noe Oliva
|
0-0: Ball 1-0: Called Strike 1-1: Ball 2-1: Foul Ball, location: 2F 2-2: SINGLE (Groundball, 6MD, EV 95.0 MPH)
|
Batting: LHB Mike Roberts
|
0-0: Called Strike 0-1: Swinging Strike 0-2: Ball Noe Oliva steals 2nd base 1-2: Ball 2-2: Strikes out swinging
|
Pitching: RHP Tristan Smeets
|
|
Batting: LHB Oscar Tamayo
|
0-0: Called Strike 0-1: Foul Ball, location: 2F 0-2: SINGLE (Flyball, 89S, EV 96.9 MPH) Noe Oliva to third Runner from 3rd tries for Home, SAFE, throw by RF to home
|
Batting: RHB Soichi Kaneshiro
|
0-0: Foul Ball, location: 2F 0-1: Ball 1-1: Ball 2-1: Called Strike 2-2: Foul Ball, location: 2F 2-2: Strikes out swinging
|
Batting: RHB Azeem bin Zuhair
|
0-0: Called Strike 0-1: Fly out, F9 (Flyball, 9S, EV 83.8 MPH)
|
Top of the 5th over - 1 run, 2 hits, 0 errors, 1 left on base; Kelowna 2 - Madison 2 |
BOTTOM OF THE 5TH |
Madison Brewers batting - Pitching for Kelowna Heat : RHP Kip Connolly
|
Batting: RHB Mario Lopez
|
0-0: Called Strike 0-1: Ground out 6-3 (Groundball, 6M, EV 108.1 MPH)
|
Batting: LHB Bill Kovac
|
0-0: Ball 1-0: Foul Ball, location: 2F 1-1: Called Strike 1-2: Foul Ball, location: 2F 1-2: Foul Ball, location: 2F 1-2: Ground out U3 (Groundball, 3, EV 89.4 MPH)
|
Batting: RHB Frank Pena
|
0-0: Ball 1-0: Called Strike 1-1: Ground out 6-3 (Groundball, 6S, EV 85.0 MPH)
|
Bottom of the 5th over - 0 runs, 0 hits, 0 errors, 0 left on base; Kelowna 2 - Madison 2 |
TOP OF THE 6TH |
Kelowna Heat batting - Pitching for Madison Brewers : RHP Tristan Smeets
|
Batting: RHB Glen Limeburner
|
0-0: Ball 1-0: Foul Ball, location: 2F 1-1: Swinging Strike 1-2: Foul Ball, location: 2F 1-2: Ball 2-2: Strikes out swinging
|
Batting: SHB Cedric Sweep
|
0-0: Foul Ball, location: 2F 0-1: Called Strike 0-2: Ball 1-2: Strikes out swinging
|
Batting: RHB Rúbem Trancoso
|
0-0: Called Strike 0-1: Ball 1-1: Swinging Strike 1-2: Ball 2-2: Foul Ball, location: 2F 2-2: Strikes out looking
|
Top of the 6th over - 0 runs, 0 hits, 0 errors, 0 left on base; Kelowna 2 - Madison 2 |
BOTTOM OF THE 6TH |
Madison Brewers batting - Pitching for Kelowna Heat : RHP Kip Connolly
|
Batting: LHB Tony Hasbun
|
0-0: Called Strike 0-1: Foul Ball, location: 2F 0-2: Ball 1-2: SOLO HOME RUN (Flyball, 7LD, EV 88.1 MPH), Distance : 328 ft
|
Batting: RHB Xiao-shuang Au
|
0-0: Called Strike 0-1: Ball 1-1: Ball 2-1: Ball 3-1: Foul Ball, location: 2F 3-2: Foul Ball, location: 2F 3-2: SOLO HOME RUN (Flyball, 8LXD, EV 111.9 MPH), Distance : 455 ft
|
Pitching: RHP James Jenkins
|
|
Batting: RHB Fernando Mejia
|
0-0: SINGLE (Flyball, 34D, EV 84.4 MPH)
|
Batting: RHB Dustin Pryor
|
0-0: Called Strike 0-1: Swinging Strike 0-2: Foul Ball, location: 2F 0-2: SINGLE (Flyball, 78S, EV 89.4 MPH) Fernando Mejia to second
|
Batting: RHB Malcolm McCauley
|
0-0: Called Strike 0-1: Ball 1-1: Ball Passed Ball! Fernando Mejia to third Dustin Pryor to second 2-1: Ball 3-1: Base on Balls
|
Batting: LHB Andy Buschlen
|
0-0: Called Strike 0-1: SINGLE (Groundball, 34D, EV 100.0 MPH) Fernando Mejia scores Dustin Pryor to third Malcolm McCauley to second Runner from 3rd tries for Home, throw by RF and OUT! 9-2
|
Batting: RHB Mario Lopez
|
0-0: Foul Ball, location: 2F 0-1: Called Strike 0-2: Ball 1-2: Ball 2-2: Ball Passed Ball! Malcolm McCauley to third Andy Buschlen to second 3-2: Fly out, F7 (Flyball, 7S, EV 92.5 MPH)
|
Batting: LHB Bill Kovac
|
0-0: Foul Ball, location: 2F 0-1: 3-RUN HOME RUN (Flyball, 7D, EV 94.4 MPH), Distance : 360 ft
|
Batting: RHB Frank Pena
|
0-0: Swinging Strike 0-1: Swinging Strike 0-2: Strikes out swinging
|
Bottom of the 6th over - 6 runs, 6 hits, 0 errors, 0 left on base; Kelowna 2 - Madison 8 |
TOP OF THE 7TH |
Kelowna Heat batting - Pitching for Madison Brewers : RHP Tristan Smeets
|
Batting: RHB Tony Harper
|
0-0: Called Strike 0-1: Ground out 5-3 (Groundball, 56, EV 81.2 MPH)
|
Pinch Hitting: RHB Jaime Rios
|
0-0: Ball 1-0: Foul Ball, location: 2F 1-1: Ball 2-1: Foul Ball, location: 2F 2-2: Ball 3-2: Fly out, F9 (Flyball, 9LSF, EV 82.5 MPH)
|
Batting: LHB Mike Roberts
|
0-0: Ball 1-0: Called Strike 1-1: Foul Ball, location: 2F 1-2: Ball 2-2: Strikes out looking
|
Top of the 7th over - 0 runs, 0 hits, 0 errors, 0 left on base; Kelowna 2 - Madison 8 |
BOTTOM OF THE 7TH |
Madison Brewers batting - Pitching for Kelowna Heat : RHP James Jenkins
|
Now in CF: Vinny Torres
|
|
Batting: LHB Tony Hasbun
|
0-0: Ball 1-0: Swinging Strike 1-1: Fly out, F7 (Flyball, 7D, EV 101.9 MPH)
|
Batting: RHB Xiao-shuang Au
|
0-0: Ball 1-0: Ball 2-0: Foul Ball, location: 2F 2-1: Ball 3-1: Fly out, F7 (Flyball, 7D, EV 107.5 MPH)
|
Batting: RHB Fernando Mejia
|
0-0: Swinging Strike 0-1: Ball 1-1: Foul Ball, location: 2F 1-2: Ball 2-2: Strikes out swinging
|
Bottom of the 7th over - 0 runs, 0 hits, 0 errors, 0 left on base; Kelowna 2 - Madison 8 |
TOP OF THE 8TH |
Kelowna Heat batting - Pitching for Madison Brewers : RHP Tristan Smeets
|
Batting: LHB Oscar Tamayo
|
0-0: Foul Ball, location: 2F 0-1: Ball 1-1: Called Strike 1-2: Strikes out swinging
|
Pinch Hitting: LHB Alex Larangho
|
0-0: Foul Ball, location: 2F 0-1: Foul Ball, location: 2F 0-2: Ball 1-2: Ball 2-2: Ground out 5-3 (Groundball, 56, EV 85.6 MPH)
|
Batting: LHB Eddie Lemus
|
0-0: Ball 1-0: Called Strike 1-1: Foul Ball, location: 2F 1-2: Strikes out swinging
|
Top of the 8th over - 0 runs, 0 hits, 0 errors, 0 left on base; Kelowna 2 - Madison 8 |
BOTTOM OF THE 8TH |
Madison Brewers batting - Pitching for Kelowna Heat : RHP James Jenkins
|
Pitching: RHP Edward Jones
|
|
Now in RF: Alex Larangho
|
|
Batting: RHB Dustin Pryor
|
0-0: Ball 1-0: SOLO HOME RUN (Flyball, 7D, EV 95.0 MPH), Distance : 369 ft
|
Pinch Hitting: LHB Alex Chairez
|
0-0: Ball 1-0: Foul Ball, location: 2F 1-1: Foul Ball, location: 2F 1-2: Strikes out swinging
|
Batting: LHB Andy Buschlen
|
0-0: Swinging Strike 0-1: Called Strike 0-2: Ball 1-2: Strikes out looking
|
Pinch Hitting: RHB Yang-cheng Kui
|
0-0: Ball 1-0: Ball 2-0: SINGLE (Groundball, 4MS, EV 70.0 MPH) (infield hit)
|
Batting: LHB Bill Kovac
|
0-0: Ball 1-0: Ball 2-0: Ball 3-0: Called Strike 3-1: Foul Ball, location: 2F 3-2: Strikes out swinging
|
Bottom of the 8th over - 1 run, 2 hits, 0 errors, 1 left on base; Kelowna 2 - Madison 9 |
TOP OF THE 9TH |
Kelowna Heat batting - Pitching for Madison Brewers : RHP Tristan Smeets
|
Now at 1B: Yang-cheng Kui
|
|
Now in CF: Sammar Wambugu
|
|
Pinch Hitting: LHB Adrian Navarro
|
0-0: Called Strike 0-1: Called Strike 0-2: Foul Ball, location: 2F 0-2: Ball 1-2: Ball 2-2: Ground out U3 (Groundball, 3, EV 93.8 MPH)
|
Pinch Hitting: RHB Armando Ramirez
|
0-0: Ball 1-0: Foul Ball, location: 2F 1-1: Ball 2-1: Fly out, F7 (Flyball, 7, EV 91.2 MPH)
|
Pinch Hitting: LHB Kuan Hsia
|
0-0: Swinging Strike 0-1: Swinging Strike 0-2: Strikes out looking
|
Top of the 9th over - 0 runs, 0 hits, 0 errors, 0 left on base; Kelowna 2 - Madison 9 |
|